 Dungeon Crawl Stone Soup version 0.19.0-2-gae57169 (webtiles) character file.

1746 CcS the Carver (level 8, 0/71 HPs)
             Began as a Minotaur Berserker on Nov 5, 2016.
             Was a Priest of Trog.
             Slain by an ogre
             ... wielding a +0 giant club
              (28 damage)
             ... on level 6 of the Dungeon.
             The game lasted 00:03:40 (4748 turns).

CcS the Carver (Minotaur Berserker)                 Turns: 4748, Time: 00:03:41

Health: 0/71       AC:  6    Str: 22    XL:     8   Next: 77%
Magic:  7/7        EV: 14    Int:  4    God:    Trog [***...]
Gold:   204        SH:  0    Dex: 12    Spells: 0 memorised, 7 levels left

rFire  . . .     SeeInvis .     a - +0 falchion
rCold  . . .     Gourm    .     d - +0 ring mail
rNeg   . . .     Faith    .     (no shield)
rPois  .         Spirit   .     (helmet restricted)
rElec  .         Reflect  .     (no cloak)
rCorr  .         Harm     .     (no gloves)
MR     .....                    (no boots)
Stlth  +.........               (no amulet)
                                (no ring)
                                (no ring)

@: no status effects
A: retaliatory headbutt, horns 2
a: Berserk, Trog's Hand, Burn Spellbooks, Renounce Religion


You were on level 6 of the Dungeon.
You worshipped Trog.
Trog was most pleased with you.
You were not hungry.

You visited 1 branch of the dungeon, and saw 6 of its levels.

You collected 204 gold pieces.

Inventory:

Hand Weapons
 a - a +0 falchion (weapon)
 G - the +1 hunting sling "Ceog" {freeze, rElec rC+ Dex-2, unknown}
   (You found it on level 6 of the Dungeon)

   It causes projectiles fired from it to freeze those they strike, causing
   extra injury to most foes and up to half again as much damage against
   particularly susceptible opponents.
   They can also slow down cold-blooded creatures.
   It affects your dexterity (-2).
   It protects you from cold.
   It insulates you from electricity.
Armour
 b - a +0 animal skin
 d - a +0 ring mail (worn)
Jewellery
 q - an uncursed ring of flight {unknown}
 D - an uncursed ring of magical power {unknown}
Wands
 y - a wand of acid (8/15)
 H - a wand of flame (19/48)
Scrolls
 e - 2 scrolls of recharging {unknown}
 f - 8 scrolls of identify {unknown}
 g - 3 scrolls of noise {unknown}
 j - 3 scrolls of remove curse {unknown}
 l - a scroll of magic mapping {unknown}
 o - a scroll of fog {unknown}
 p - a scroll of fear {unknown}
 r - a scroll of immolation {unknown}
 t - 4 scrolls of enchant armour {unknown}
 C - 3 scrolls of enchant weapon {unknown}
Potions
 h - 5 potions of heal wounds {unknown}
 i - 2 potions of resistance {unknown}
 n - 3 potions of lignification {unknown}
 u - a potion of berserk rage {unknown}
 w - a potion of cure mutation {unknown}
 x - 2 potions of curing {unknown}
 z - a potion of agility {unknown}
 F - a potion of magic {unknown}
 I - a potion of ambrosia {unknown}
Books
 A - a book of Debilitation

   Spells                             Type                      Level
   a - Corona                         Hexes                        1
   b - Slow                           Hexes                        2
   c - Gell's Gravitas                Hexes/Translocation          3
   d - Inner Flame                    Hexes/Fire                   3
   e - Cause Fear                     Hexes                        4
   f - Leda's Liquefaction            Hexes/Earth                  4
   Trog disapproves of the use of such an item.
Comestibles
 c - 3 bread rations {@e1}
 k - 3 meat rations {@e1}
 m - 2 slices of pizza {@e2}
 s - 2 beef jerkies {@e2}
 v - 3 fruits {@e2}
 B - a royal jelly {@e3}
 E - 7 chunks of flesh


   Skills:
 + Level 6.9 Fighting
 * Level 9.3 Long Blades
 + Level 6.5 Armour
 + Level 6.0 Dodging


You had 7 spell levels left.
You didn't know any spells.

Dungeon Overview and Level Annotations

Branches:
Dungeon (6/15)             Temple (0/1) D:4

Altars:
Dithmenos
Xom
Zin

Shops:
D:4 %


Innate Abilities, Weirdness & Mutations

You reflexively headbutt those who attack you in melee.
You have a pair of horns on your head.


Message History

You start resting.
Unknown command.
Things that are here:
a dagger; a robe; an orc skeleton
Things that are here:
a dagger; a ring mail You see here a robe.
An ogre comes into view. It is wielding a giant club.
An ogre is nearby!
An ogre is nearby!
An ogre is nearby!
The ogre shouts!
You hit the ogre. The ogre hits you with a giant club!
You slash the ogre! Your headbutt misses the ogre.
The ogre hits you with a giant club!!
You hit the ogre but do no damage. You hit the ogre but do no damage.
You headbutt the ogre! The ogre hits you with a giant club.
You hit the ogre. The ogre hits you with a giant club!!
You die...

.##.......##.# #### ###
#########.##.####### # ...
..# # #.##......##.#.#.# #.#
# #.######.#.#.#.#.###.#
####.# #............#.#
#....# ##.#.#.#.#.#...#
#.########........>.(##.####
#)# #....#.#.#.#.#(###.....
#)# #.###.@O......(.#######
#)####[####.#.#.#.#.##
#)...................#
#########.#.#.#.#.#)##
#............#
###.#.#.#.#.## ###########


You could see an ogre.

Vanquished Creatures
  Grinder (D:4)
  The ghost of GhostOfComunism the Skirmisher, an amateur OgFi (D:3)
  An orc warrior (D:6)
  A sky beast (D:5)
  A black bear (D:6)
  An ogre (D:4)
  A centaur (D:6)
  Blork the orc (D:6)
  2 scorpions
  A jelly (D:6)
  4 orc priests
  A bullfrog skeleton (D:3)
  4 hounds
  5 orc wizards
  An iguana (D:5)
  4 worker ants
  7 gnolls
  9 adders
  3 shadow imps (D:5)
  An ooze (D:3)
  An adder skeleton (D:4)
  An adder zombie (D:5)
  3 worms
  A leopard gecko (D:1)
  12 orcs
  6 bats
  8 giant cockroaches
  6 goblins
  9 hobgoblins
  5 jackals
  2 quokkas
  2 ball pythons
  A frilled lizard (D:4)
  8 kobolds
  4 rats
119 creatures vanquished.

Notes
Turn   | Place    | Note
-------+----------+-------------------------------------------
     0 | D:1      | CcS the Minotaur Berserker began the quest for the Orb.
     0 | D:1      | Reached XP level 1. HP: 19/19 MP: 0/0
   231 | D:1      | Reached XP level 2. HP: 17/27 MP: 1/1
   774 | D:1      | Reached skill level 4 in Long Blades
   776 | D:1      | Reached XP level 3. HP: 31/33 MP: 2/2
   964 | D:2      | Reached ** piety under Trog
  1012 | D:2      | Reached XP level 4. HP: 36/40 MP: 3/3
  1425 | D:2      | Found a shimmering altar of Xom.
  1954 | D:3      | Reached XP level 5. HP: 46/47 MP: 4/4
  1978 | D:3      | Reached skill level 5 in Long Blades
  2150 | D:3      | Noticed GhostOfComunism's ghost (amateur OgFi)
  2159 | D:3      | Killed GhostOfComunism's ghost
  2159 | D:3      | Reached skill level 5 in Fighting
  2166 | D:3      | Reached XP level 6. HP: 56/56 MP: 5/5
  2202 | D:3      | Reached skill level 6 in Long Blades
  2669 | D:4      | Reached XP level 7. HP: 61/61 MP: 6/6
  2822 | D:4      | Reached skill level 5 in Armour
  2847 | D:4      | Reached *** piety under Trog
  2848 | D:4      | Noticed Grinder
  2859 | D:4      | Killed Grinder
  2859 | D:4      | Reached skill level 7 in Long Blades
  2859 | D:4      | Reached skill level 5 in Dodging
  2908 | D:4      | Found a glowing silver altar of Zin.
  3047 | D:4      | Found a staircase to the Ecumenical Temple.
  3110 | D:4      | Received a gift from Trog
  3171 | D:4      | Found Hujur's Food Shop.
  3303 | D:5      | Entered Level 5 of the Dungeon
  3315 | D:5      | Found a shadowy altar of Dithmenos.
  3396 | D:5      | Reached XP level 8. HP: 60/70 MP: 7/7
  3897 | D:6      | Reached skill level 8 in Long Blades
  4400 | D:6      | Got a slimy hunting sling
  4409 | D:6      | Noticed Blork the orc
  4416 | D:6      | Killed Blork the orc
  4610 | D:6      | Reached skill level 9 in Long Blades
  4748 | D:6      | Slain by an ogre

Skill      XL: |  1  2  3  4  5  6  7  8 |
---------------+-------------------------+-----
Long Blades    | 4 5 6 7 9 |  9.3
Fighting       | 4 5 6 |  6.9
Armour         | 3 4 5 6 |  6.5
Dodging        | 3 4 5 6 |  6.0

Action                   |  1- 3 |  4- 6 |  7- 9 || total
-------------------------+-------+-------+-------++-------
Melee: Falchion          |    53 |   137 |   152 ||   342
       Headbutt          |     8 |    30 |    36 ||    74
Invok: Berserk           |     1 |     3 |     7 ||    11
       Trog's Hand       |       |     2 |     1 ||     3
  Eat: Meat ration       |     1 |       |     1 ||     2
       Chunk             |       |     4 |    10 ||    14
Armor: Ring mail         |    15 |    56 |    32 ||   103
Dodge: Dodged            |    40 |    78 |    90 ||   208
       Rpst.: Falchion   |    10 |    21 |    19 ||    50

Vault maps used:
D:1:      onia_arrival_mini_spirals, hangedman_abyss_or_decor_lesser_grid
D:2:      tgw_xom, grunt_ministairs_9, hex_large
D:4:      zin_treasury, serial_shops, shop, uniq_grinder
D:5:      nicolae_dithmenos_shadow_blocks, first_bread
D:6:      nicolae_overflow_hidden_temple, st_stairs_10, uniq_blork_the_orc
